 Dungeon Crawl Stone Soup version 0.29.1-2-gbd0b4ee654 (webtiles) character file.

Game seed: 1805198676793130144

166 kingsuperguy the Chopper (level 5, -1/47 HPs)
             Began as a Hill Orc Monk on Nov 28, 2022.
             Succumbed to Duvessa's poison
             ... on level 4 of the Dungeon.
             The game lasted 00:02:55 (4103 turns).

kingsuperguy the Chopper (Hill Orc Monk)            Turns: 4103, Time: 00:02:56

Health: -1/47      AC:  6    Str: 16    XL:     5   Next: 47%
Magic:  5/5        EV: 11    Int: 10    God:
Gold:   174        SH:  0    Dex: 13    Spells: 4/4 levels left

rFire   . . .      SeeInvis .   a - +0 hand axe
rCold   . . .      Faith    .   (no shield)
rNeg    . . .      Spirit   .   g - +0 ring mail
rPois   .          Reflect  .   (no helmet)
rElec   .          Harm     .   (no cloak)
rCorr   .          Rampage  .   (no gloves)
Will    .....                   r - +0 pair of boots
Stlth   ..........              (no amulet)
HPRegen 0.15/turn               (no ring)
MPRegen 0.09/turn               (no ring)

@: confused, mighty, lethally poisoned (-1 -> -27), ambrosia-drunk
A: no striking features
a: no special abilities


You were on level 4 of the Dungeon.
You visited 1 branch of the dungeon, and saw 4 of its levels.

You collected 174 gold pieces.

Inventory:

Hand Weapons
 a - a +0 hand axe (weapon)
Armour
 b - a +0 robe
 g - a +0 ring mail (worn)
 r - a +0 pair of boots (worn)
Jewellery
 n - a ring of protection from fire
Wands
 u - a wand of roots (13)
Scrolls
 d - a scroll of acquirement {unknown}
 f - 5 scrolls of identify {unknown}
 h - a scroll of noise {unknown}
 i - a scroll of magic mapping {unknown}
 m - 2 scrolls of immolation {unknown}
 o - a scroll of enchant weapon {unknown}
 q - a scroll of butterflies {unknown}
 t - 2 scrolls of teleportation {unknown}
Potions
 j - 2 potions of lignification {unknown}
 k - a potion of degeneration {unknown}
 l - a potion of attraction {unknown}
 p - 3 potions of curing {unknown}
 s - a potion of brilliance {unknown}


   Skills:
 + Level 4.4 Fighting
 + Level 5.7 Axes
 + Level 1.8 Armour
 + Level 3.0 Dodging
 + Level 2.2 Stealth


You had 4 spell levels left.
You didn't know any spells.
Your spell library contained the following spells:

 Spells                   Type           Power      Damage    Failure   Level
 Apportation              Tloc           0%         N/A       56%         1
 Olgreb's Toxic Radiance  Pois           0%         N/A       100%        4
 Alistair's Intoxication  Tmut/Pois      0%         N/A       100%        5
 Ozocubu's Refrigeration  Ice            0%         4d7       100%        7
 Ignition                 Fire           0%         3d3       100%        8


Dungeon Overview and Level Annotations

Branches:
Dungeon (4/15)
 Temple: D:4-7

Altars:
Hepliaklqana

Annotations:
D:4 Dowan, Duvessa


Message History

Dowan is nearby!
Duvessa, Sister of Dowan comes into view.
She is wielding a +2 short sword of venom and carrying a wand of flame (4).
Duvessa shouts!
Duvessa moves out of view.
A scorpion comes into view.
Dowan shouts!
The scorpion moves out of view.
Duvessa closely misses you.
Dowan gestures at Duvessa while chanting.
Duvessa seems to speed up.
You hit Dowan but do no damage. You hit Duvessa. Duvessa closely misses you.
Dowan closely misses you.
You hit Dowan.
Dowan is moderately wounded.
You closely miss Duvessa.
Duvessa zaps a wand.
The puff of flame hits you!
Duvessa hits you with a +2 short sword of venom!
You are poisoned.
Dowan hits you with a +2 dagger of electrocution.
You are electrocuted!
* * * LOW HITPOINT WARNING * * *
You are confused.
You feel invigorated.
* * * LOW HITPOINT WARNING * * *
You feel very sick.
Duvessa hits you with a +2 short sword of venom.
* * * LOW HITPOINT WARNING * * *
Dowan barely misses you.
Unknown command.
It was a potion of might.
You feel very mighty all of a sudden.
* * * LOW HITPOINT WARNING * * *
You feel very sick.
Duvessa hits you with a +2 short sword of venom.
* * * LOW HITPOINT WARNING * * *
You are more poisoned.
Duvessa zaps a wand.
The puff of flame hits you.
* * * LOW HITPOINT WARNING * * *
Dowan hits you but does no damage.
You feel mightier all of a sudden.
You die...

.... ##..... ....
##..... ...##.....
........ ##.....
#.#.....# ..
##....s..### ...
#.....e@...### ....
......e#.....##....
.......####........ .
....### ##.........
.. ..... #..........#
... .. ...
#.......... ..# .
...###...##..... ....
.....##.###.....##.##
....<.#..##.##.##....


You could see Duvessa (fast), Dowan and a scorpion.

Vanquished Creatures
  A hound (D:3)
  7 adders
  4 worms (D:3)
  2 dart slugs (D:1)
  5 bats
  4 endoplasms
  3 giant cockroaches (D:1)
  4 goblins
  4 hobgoblins
  8 kobolds
  A quokka (D:2)
  6 ball pythons
  14 rats
63 creatures vanquished.

Vanquished Creatures (others)
  A plant (D:1)
1 creature vanquished.

Grand Total: 64 creatures vanquished

Notes
Turn   | Place    | Note
-------+----------+-------------------------------------------
     0 | D:1      | kingsuperguy the Hill Orc Monk began the quest for the Orb.
     0 | D:1      | Reached XP level 1. HP: 19/19 MP: 1/1
   230 | D:1      | Reached XP level 2. HP: 12/27 MP: 2/2
  1193 | D:1      | Reached XP level 3. HP: 33/33 MP: 3/3
  1251 | D:1      | Found a faded altar of an unknown god.
  1810 | D:2      | Reached skill level 5 in Axes
  1954 | D:2      | Reached XP level 4. HP: 15/40 MP: 4/4
  2389 | D:2      | Found a hazy altar of Hepliaklqana.
  2850 | D:3      | Reached skill level 1 in Armour
  3345 | D:3      | Reached XP level 5. HP: 36/46 MP: 5/5
  4094 | D:4      | Noticed Dowan
  4096 | D:4      | Noticed Duvessa
  4102 | D:4      | HP: 1/47 [Duvessa/puff of flame (3)]
  4103 | D:4      | Succumbed to Duvessa's poison

Illustrated notes

Levels and vault maps discovered:
D:1:      minmay_arrival_shoal_huts, layout_basic,
          hellmonk_ecumenical_altar_inner_sanctum, serial_bayou_pond_d,
          minmay_misc_feat_chi
D:2:      minmay_alternating_diamond, layout_basic, basic_altar,
          grunt_decor_junction, chequers_serial_rivers_marsh,
          minmay_rat_gold_closets
D:3:      layout_loops_ring, kennysheep_generic_room_7
D:4:      layout_cave_pools, lemuel_temple_firewalk_b, uniq_duvessa

Skill      XL: |  1  2  3  4 |
---------------+-------------+-----
Fighting       | 4 |  4.4
Axes           | 5 |  5.7
Stealth        | 2 |  2.2
Armour         | 1 |  1.8
Dodging        | 3 |  3.0

Action                   |  1- 3 |  4- 6 || total
-------------------------+-------+-------++-------
Melee: Hand axe          |   120 |   120 ||   240
       Punch             |       |     2 ||     2
  Use: Potion            |       |     3 ||     3
 Stab: Sleeping          |     4 |     3 ||     7
Armor: Robe              |     8 |       ||     8
       Ring mail         |    25 |    33 ||    58
Dodge: Dodged            |    63 |    51 ||   114
